 Dungeon Crawl Stone Soup version 0.30.1-11-g7821555f0a (webtiles) character file.

Game seed: 7952143876127844468

1 monsoonserge the Magician (level 1, -2/15 HPs)
             Began as a Djinni Venom Mage on Dec 22, 2023.
             Slain by a rat (3 damage)
             ... on level 2 of the Dungeon.
             The game lasted 00:00:43 (214 turns).

monsoonserge the Magician (Djinni Venom Mage)        Turns: 214, Time: 00:00:44

Health: -2/15      AC:  2    Str:  7    XL:     1   Next: 22%
Gold:   18         EV: 12    Int: 16    God:
                   SH:  0    Dex: 13

rFire   + + .        (no weapon)
rCold   x . .        (no shield)
rNeg    . . .        a - +0 robe
rPois   ∞            (no helmet)
rElec   .            (no cloak)
rCorr   .            (no gloves)
SInv    .            (boots unavailable)
Will    .....        (no amulet)
Stlth   ++           (no ring)
HPRegen 0.22/turn    (no ring)
MPRegen 0.00/turn

%: infuse magic (-3 HP)
@: flying, very slightly contaminated
A: sickness immunity, fire resistance 2, cold vulnerability 1, float, innate
caster, HP casting, extra vitality 1
a: no special abilities


You were on level 2 of the Dungeon.
You visited 1 branch of the dungeon, and saw 2 of its levels.

You collected 18 gold pieces.

Inventory:

Armour
 a - a +0 robe (worn)
Scrolls
 c - a scroll of immolation {unknown}
Potions
 b - a potion of curing {unknown}


   Skills:
 + Level 2.2 Dodging
 + Level 1.5 Stealth
 * Level 2.4 Spellcasting


You knew the following spells:

 Your Spells              Type           Power      Damage    Failure   Level
a - Sting                 Tmut/Pois      36%        1d4       7%          1
b - Poisonous Vapours     Pois/Air       18%        N/A       11%         2
c - Mephitic Cloud        Conj/Pois/Air  9%         N/A       22%         3
d - Olgreb's Toxic Radia  Pois           9%         N/A       56%         4
Your spell library was empty.

Dungeon Overview and Level Annotations

Branches:
Dungeon (1/15)

Altars:


Innate Abilities, Weirdness & Mutations

You are immune to sickness and miasma.
You are immune to poison.
Your flesh is very heat resistant. (rF++)
You are vulnerable to cold. (rC-)
You float through the air rather than walking.
You learn spells naturally, not from books.
Your magical power is your life essence.
You have superior vitality. (+4 MHP)


Message History

The kobold hits you with a +0 whip.
The bat moves out of view.
Casting: Sting (safe; 7% risk of failure)
Confirm with . or Enter, or press ? or * to list all spells.
Aiming: Sting (safe; 7% risk of failure)
Press: ? - help, Shift-Dir - straight line, f/p - kobold
Aim: a kobold, wielding a +0 whip (60% to hit)
The sting hits the kobold.
The kobold is poisoned.
The kobold is heavily wounded.
The kobold hits you with a +0 whip.
* * * LOW HITPOINT WARNING * * *
Casting: Sting (safe; 7% risk of failure)
Confirm with . or Enter, or press ? or * to list all spells.
Aiming: Sting (safe; 7% risk of failure)
Press: ? - help, Shift-Dir - straight line, f/p - kobold
Aim: a kobold, wielding a +0 whip (heavily wounded, poisoned, 60% to hit)
The sting hits the kobold but does no damage.
The kobold looks even sicker.
The kobold is heavily wounded.
* * * LOW HITPOINT WARNING * * *
The kobold hits you but does no damage.
Casting: Sting (safe; 7% risk of failure)
Confirm with . or Enter, or press ? or * to list all spells.
Aiming: Sting (safe; 7% risk of failure)
Press: ? - help, Shift-Dir - straight line, f - rat, p - kobold
Aim: a rat (68% to hit)
The sting misses the rat.
* * * LOW HITPOINT WARNING * * *
The rat bites you.
* * * LOW HITPOINT WARNING * * *
The kobold hits you but does no damage.
Casting: Sting (safe; 7% risk of failure)
Confirm with . or Enter, or press ? or * to list all spells.
Aiming: Sting (safe; 7% risk of failure)
Press: ? - help, Shift-Dir - straight line, f/p - rat
Aim: a rat (68% to hit)
The sting hits the rat.
The rat is poisoned.
The rat is severely wounded.
* * * LOW HITPOINT WARNING * * *
The rat bites you.
You die...

..#.####
#......# #
#.....$#
#.#......#
#........#
.........#
#....bJ##
####.#Kr#
####.##@######
.............#
#####........#
#........#
#........#
####..#### ...
.... .....


You could see an endoplasm, a bat, a kobold (very poisoned) and a rat
(poisoned).

Vanquished Creatures
  A goblin (D:2)
1 creature vanquished.

Notes
Turn   | Place    | Note
-------+----------+-------------------------------------------
     0 | D:1      | monsoonserge the Djinni Venom Mage began the quest for the
                  | Orb.
     0 | D:1      | monsoonserge set off with the following spells memorised:
                  | Sting, Poisonous Vapours, Mephitic Cloud, Olgreb's Toxic
                  | Radiance.
     0 | D:1      | Reached XP level 1. HP: 15/15 MP: 0/0
   198 | D:1      | You are sucked into a shaft and drop 1 floor!
   214 | D:2      | Slain by a rat

Illustrated notes

Levels and vault maps discovered:
D:1:      dpeg_arrival_circle_labyrinth_c, layout_loops_ring, serial_forest,
          infiniplex_forest_straight_2, infiniplex_forest_straight_1,
          infiniplex_forest_clump_long, infiniplex_forest_lined_corner,
          infiniplex_forest_clump_cross, infiniplex_forest_lined_ring,
          shapermc_ecumenical_altar_gd, grunt_decor_mini_mirrors,
          minmay_octomino_c4
D:2:      layout_basic, uniq_robin

Action                     || total
---------------------------++-------
   Cast: Sting             ||     8
 Armour: Robe              ||     2
